PL
RICHARDSON CITY THUNDERCATS @ AUSTIN RANGERS
04/18/2027
 
TOP OF THE 1ST
Richardson City Thundercats batting - Pitching for Austin Rangers : RHP Art Adams
Pitching: RHP Art Adams
Batting: RHB Juan Cabrera 0-0: Fly out, F6 (Popup, 6)
Batting: RHB IV Seacat 0-0: Called Strike
0-1: Ball
1-1: Called Strike
1-2: Foul Ball, location: 2F
1-2: Foul Ball, location: 2F
1-2: Fly out, F7 (Line Drive, 78D)
Batting: LHB Terrence Eler 0-0: Fly out, F7 (Flyball, 78D)
Top of the 1st over - 0 run(s), 0 hit(s), 0 error(s), 0 left on base; Richardson City 0 - Austin 0
BOTTOM OF THE 1ST
Austin Rangers batting - Pitching for Richardson City Thundercats : RHP Cordell Wilson
Pitching: RHP Cordell Wilson
Batting: RHB Miguel Morán 0-0: Ball
1-0: Foul Ball, location: 2F
1-1: Called Strike
1-2: Foul Ball, location: 2F
1-2: Strikes out looking
Batting: SHB Xavier Vásquez 0-0: Ground out U3 (Groundball, 23)
Batting: LHB Yun Yen 0-0: Foul Ball, location: 2F
0-1: Ball
1-1: Ball
2-1: DOUBLE (Flyball, 7LM)
Batting: LHB Count Dante 0-0: Called Strike
0-1: Swinging Strike
0-2: Fly out, F7 (Flyball, 7S)
Bottom of the 1st over - 0 run(s), 1 hit(s), 0 error(s), 1 left on base; Richardson City 0 - Austin 0
TOP OF THE 2ND
Richardson City Thundercats batting - Pitching for Austin Rangers : RHP Art Adams
Batting: RHB Tomás Martínez 0-0: Ball
1-0: Fly out, F8 (Flyball, 78M)
Batting: RHB Alden Wiley 0-0: Called Strike
0-1: Swinging Strike
0-2: SINGLE (Groundball, 6MD)
Batting: RHB Anselmo Berneu 0-0: Ball
1-0: Called Strike
1-1: Hit by Pitch
Alden Wiley to second
Batting: RHB José Cruz 0-0: Fielders Choice at 2nd, 6-4 (Groundball, 6MD)
Alden Wiley to third
Batting: LHB Ramón García 0-0: Called Strike
0-1: Called Strike
0-2: Ball
1-2: Ball
2-2: Ball
3-2: SINGLE (Groundball, 56D)
Alden Wiley scores
José Cruz to second
José Cruz to third
Batting: RHB Joey Jones 0-0: Ball
1-0: Ball
2-0: Ball
3-0: Base on Balls
Ramón García to second
Batting: RHB Juan Cabrera 0-0: Called Strike
0-1: Ball
1-1: Swinging Strike
1-2: Foul Ball, location: 2F
1-2: Foul Ball, location: 2F
1-2: Strikes out looking
Top of the 2nd over - 1 run(s), 2 hit(s), 0 error(s), 3 left on base; Richardson City 1 - Austin 0
BOTTOM OF THE 2ND
Austin Rangers batting - Pitching for Richardson City Thundercats : RHP Cordell Wilson
Batting: RHB Jeff Green 0-0: Fly out, F8 (Flyball, 8LD)
Batting: LHB Jesús Reyes 0-0: Called Strike
0-1: Called Strike
0-2: Ball
1-2: Fly out, F9 (Flyball, 9)
Batting: RHB Tony Hernández 0-0: Foul Ball, location: 2F
0-1: Ball
1-1: Fly out, F3 (Line Drive, 34S)
Bottom of the 2nd over - 0 run(s), 0 hit(s), 0 error(s), 0 left on base; Richardson City 1 - Austin 0
TOP OF THE 3RD
Richardson City Thundercats batting - Pitching for Austin Rangers : RHP Art Adams
Batting: RHB IV Seacat 0-0: Ball
1-0: Swinging Strike
1-1: Ball
2-1: Ground out 1-3 (Groundball, 13S)
Batting: LHB Terrence Eler 0-0: Called Strike
0-1: Ball
1-1: Swinging Strike
1-2: Ball
2-2: Strikes out swinging
Batting: RHB Tomás Martínez 0-0: Ball
1-0: Called Strike
1-1: Fly out, F7 (Flyball, 78S)
Top of the 3rd over - 0 run(s), 0 hit(s), 0 error(s), 0 left on base; Richardson City 1 - Austin 0
BOTTOM OF THE 3RD
Austin Rangers batting - Pitching for Richardson City Thundercats : RHP Cordell Wilson
Batting: RHB Matt Sheppard 0-0: Ball
1-0: Ball
2-0: Fly out, F9 (Flyball, 9LM)
Batting: RHB José Muńóz 0-0: Swinging Strike
0-1: Ball
1-1: Foul Ball, location: 2F
1-2: Ball
2-2: Strikes out swinging
Batting: RHB Miguel Morán 0-0: Foul Ball, location: 2F
0-1: Swinging Strike
0-2: Foul Ball, location: 2F
0-2: Ball
1-2: Foul Ball, location: 2F
1-2: SINGLE (Line Drive, 56D)
Batting: SHB Xavier Vásquez 0-0: Called Strike
Miguel Morán is caught stealing 2nd base
Bottom of the 3rd over - 0 run(s), 1 hit(s), 0 error(s), 0 left on base; Richardson City 1 - Austin 0
TOP OF THE 4TH
Richardson City Thundercats batting - Pitching for Austin Rangers : RHP Art Adams
Batting: RHB Alden Wiley 0-0: Ball
1-0: Foul Ball, location: 2F
1-1: Called Strike
1-2: Ball
2-2: Ball
3-2: Foul Ball, location: 2F
3-2: Base on Balls
Batting: RHB Anselmo Berneu 0-0: Foul Ball, location: 2F
0-1: Swinging Strike
0-2: Strikes out swinging
Batting: RHB José Cruz 0-0: Ball
1-0: SINGLE (Line Drive, 6MD)
Alden Wiley to second
Batting: LHB Ramón García 0-0: Ball
1-0: Swinging Strike
1-1: Foul Ball, location: 2F
1-2: Strikes out swinging
Batting: RHB Joey Jones 0-0: Ball
1-0: Called Strike
1-1: Fly out, F6 (Line Drive, 6MD)
Top of the 4th over - 0 run(s), 1 hit(s), 0 error(s), 2 left on base; Richardson City 1 - Austin 0
BOTTOM OF THE 4TH
Austin Rangers batting - Pitching for Richardson City Thundercats : RHP Cordell Wilson
Batting: SHB Xavier Vásquez 0-0: Called Strike
0-1: Reached on error, E6 (Groundball, 6)
Batting: LHB Yun Yen 0-0: Grounds into double play, 4-6-3 (Groundball, 4)
Batting: LHB Count Dante 0-0: Called Strike
0-1: Foul Ball, location: 2F
0-2: Foul Ball, location: 2F
0-2: Foul Ball, location: 2F
0-2: Foul Ball, location: 2F
0-2: Ball
1-2: Foul Ball, location: 2F
1-2: Ground out 4-3 (Groundball, 4D)
Bottom of the 4th over - 0 run(s), 0 hit(s), 1 error(s), 0 left on base; Richardson City 1 - Austin 0
TOP OF THE 5TH
Richardson City Thundercats batting - Pitching for Austin Rangers : RHP Art Adams
Pitching: RHP Júlio Rodríguez
Batting: RHB Juan Cabrera 0-0: Ball
1-0: Ball
2-0: Foul Ball, location: 2F
2-1: Ball
3-1: Foul Ball, location: 2F
3-2: Strikes out swinging
Batting: RHB IV Seacat 0-0: Ground out 6-3 (Groundball, 6)
Batting: LHB Terrence Eler 0-0: Ball
1-0: Ball
2-0: Called Strike
2-1: Foul Ball, location: 2F
2-2: Foul Ball, location: 2F
2-2: Foul Ball, location: 2F
2-2: Strikes out swinging
Top of the 5th over - 0 run(s), 0 hit(s), 0 error(s), 0 left on base; Richardson City 1 - Austin 0
BOTTOM OF THE 5TH
Austin Rangers batting - Pitching for Richardson City Thundercats : RHP Cordell Wilson
Pitching: RHP José Montalópez
Batting: RHB Jeff Green 0-0: Ball
1-0: Foul Ball, location: 2F
1-1: SINGLE (Groundball, 56D)
Batting: LHB Jesús Reyes 0-0: Bunted foul
0-1: Ball
1-1: Bunted foul
1-2: Fly out, F4 (Line Drive, 4M)
Lined into DP, 4-3 (Line Drive, 4M)
Batting: RHB Tony Hernández 0-0: Ball
1-0: Foul Ball, location: 2F
1-1: Foul Ball, location: 2F
1-2: Ball
2-2: Foul Ball, location: 2F
2-2: Foul Ball, location: 2F
2-2: Ball
3-2: Foul Ball, location: 2F
3-2: Ground out 5-3 (Groundball, 56)
Bottom of the 5th over - 0 run(s), 1 hit(s), 0 error(s), 0 left on base; Richardson City 1 - Austin 0
TOP OF THE 6TH
Richardson City Thundercats batting - Pitching for Austin Rangers : RHP Júlio Rodríguez
Batting: RHB Tomás Martínez 0-0: Hit by Pitch
Batting: RHB Alden Wiley 0-0: Called Strike
0-1: Ball
1-1: Foul Ball, location: 2F
1-2: Strikes out swinging
Batting: RHB Anselmo Berneu 0-0: Called Strike
0-1: Ball
1-1: SINGLE (Groundball, 6) (infield hit)
Tomás Martínez to second
Batting: RHB José Cruz 0-0: Called Strike
0-1: Swinging Strike
0-2: Strikes out swinging
Batting: LHB Ramón García 0-0: Ball
1-0: Ball
2-0: Ground out 3-1 (Groundball, 34)
Top of the 6th over - 0 run(s), 1 hit(s), 0 error(s), 2 left on base; Richardson City 1 - Austin 0
BOTTOM OF THE 6TH
Austin Rangers batting - Pitching for Richardson City Thundercats : RHP José Montalópez
Batting: RHB Matt Sheppard 0-0: Foul Ball, location: 2F
0-1: Ball
1-1: Fly out, F5 (Line Drive, 56)
Batting: RHB José Muńóz 0-0: Ground out 6-3 (Groundball, 6)
Batting: RHB Miguel Morán 0-0: Called Strike
0-1: SINGLE (Groundball, 34) (infield hit)
Batting: SHB Xavier Vásquez 0-0: Ball
1-0: Ball
2-0: Called Strike
Miguel Morán steals 2nd base
2-1: SINGLE (Line Drive, 9S)
Miguel Morán to third
Runner from 3rd tries for Home, SAFE, no throw
Batting: LHB Yun Yen 0-0: Ball
Xavier Vásquez is caught stealing 2nd base
Bottom of the 6th over - 1 run(s), 2 hit(s), 0 error(s), 0 left on base; Richardson City 1 - Austin 1
TOP OF THE 7TH
Richardson City Thundercats batting - Pitching for Austin Rangers : RHP Júlio Rodríguez
Pitching: RHP Dan Hobbs
Batting: RHB Joey Jones 0-0: Ball
1-0: Ball
2-0: Ball
3-0: Called Strike
3-1: Foul Ball, location: 2F
3-2: Foul Ball, location: 2F
3-2: Foul Ball, location: 2F
3-2: Base on Balls
Batting: RHB Juan Cabrera 0-0: Ball
1-0: Called Strike
1-1: Called Strike
1-2: Strikes out swinging
Pinch Hitting: RHB Jonathan Cook 0-0: Ball
1-0: Ball
2-0: Ball
3-0: Foul Ball, location: 2F
3-1: Fly out, F8 (Flyball, 8LM)
Batting: LHB Terrence Eler 0-0: Ball
1-0: Foul Ball, location: 2F
1-1: Ball
2-1: Foul Ball, location: 2F
2-2: Foul Ball, location: 2F
2-2: Ball
3-2: Base on Balls
Joey Jones to second
Pinch Hitting: RHB Alan Elder 0-0: Called Strike
0-1: Foul Ball, location: 2F
0-2: Ball
1-2: Foul Ball, location: 2F
1-2: Ball
Wild Pitch!
Joey Jones to third
Terrence Eler to second
2-2: Strikes out swinging
Top of the 7th over - 0 run(s), 0 hit(s), 0 error(s), 2 left on base; Richardson City 1 - Austin 1
BOTTOM OF THE 7TH
Austin Rangers batting - Pitching for Richardson City Thundercats : RHP José Montalópez
Now at 3B: Alan Elder
Batting: LHB Yun Yen 0-0: Ball
Now in LF: Carroll Martin 1-0: Called Strike
1-1: Foul Ball, location: 2F
1-2: Foul Ball, location: 2F
1-2: Foul Ball, location: 2F
1-2: SOLO HOME RUN (Flyball, 9LD), Distance : 352 ft
Batting: LHB Count Dante 0-0: Foul Ball, location: 2F
0-1: Fly out, F7 (Line Drive, 7)
Batting: RHB Jeff Green 0-0: Foul Ball, location: 2F
0-1: Swinging Strike
0-2: Foul Ball, location: 2F
0-2: Ball
1-2: Ball
2-2: Ground out 5-3 (Groundball, 56)
Batting: LHB Jesús Reyes 0-0: Ball
1-0: Ground out 4-3 (Groundball, 34)
Bottom of the 7th over - 1 run(s), 1 hit(s), 0 error(s), 0 left on base; Richardson City 1 - Austin 2
TOP OF THE 8TH
Richardson City Thundercats batting - Pitching for Austin Rangers : RHP Dan Hobbs
Pinch Hitting: SHB Mitch Qualtrough 0-0: Ball
1-0: Foul Ball, location: 2F
1-1: Called Strike
1-2: Foul Ball, location: 2F
1-2: Ball
2-2: Foul Ball, location: 2F
2-2: Strikes out swinging
Batting: RHB Anselmo Berneu 0-0: Ball
1-0: Fly out, F9 (Line Drive, 9S)
Pinch Hitting: LHB Eduardo Álvarez 0-0: Swinging Strike
0-1: Ball
1-1: Foul Ball, location: 2F
1-2: Ball
2-2: Ball
3-2: Ground out 4-3 (Groundball, 4)
Top of the 8th over - 0 run(s), 0 hit(s), 0 error(s), 0 left on base; Richardson City 1 - Austin 2
BOTTOM OF THE 8TH
Austin Rangers batting - Pitching for Richardson City Thundercats : RHP José Montalópez
Now at SS: Mitch Qualtrough
Now in CF: Eduardo Álvarez
Batting: RHB Tony Hernández 0-0: Ball
1-0: Ball
2-0: Called Strike
2-1: Foul Ball, location: 2F
2-2: SINGLE (Groundball, 4MD)
Batting: RHB Matt Sheppard
Pinch Hitting: LHB Enrique Sánchez 0-0: Ball
1-0: Sac Bunt - play at first, batter OUT! 3-4
Tony Hernández to second
Pinch Hitting: SHB Ricardo Pérez 0-0: Ground out U3 (Groundball, 3)
Tony Hernández to third
Pinch Hitting: RHB Yoshihito Samurakami 0-0: Called Strike
0-1: Ball
1-1: Ball
2-1: Ball
3-1: Called Strike
3-2: Ground out 6-3 (Groundball, 6)
Bottom of the 8th over - 0 run(s), 1 hit(s), 0 error(s), 1 left on base; Richardson City 1 - Austin 2
TOP OF THE 9TH
Richardson City Thundercats batting - Pitching for Austin Rangers : RHP Dan Hobbs
Pitching: LHP Alfonso Zapata
Now at 3B: Stefan Vanderhoof
Now in LF: Enrique Sánchez
Now in RF: Rodney Hanna
Pinch Hitting: RHB Javier Rivera 0-0: Called Strike
0-1: Foul Ball, location: 2F
0-2: Fly out, F8 (Flyball, 8LS)
Batting: RHB Joey Jones 0-0: Called Strike
0-1: Ball
1-1: Ball
2-1: Ball
3-1: Foul Ball, location: 2F
3-2: Fly out, F8 (Flyball, 89M)
Batting: RHB Juan Cabrera 0-0: Foul Ball, location: 2F
0-1: Ball
1-1: Ball
2-1: Ball
3-1: Base on Balls
Pinch Hitting: RHB Louis Gibbons 0-0: Ball
1-0: Foul Ball, location: 2F
1-1: Fly out, F8 (Flyball, 89D)
Top of the 9th over - 0 run(s), 0 hit(s), 0 error(s), 1 left on base; Richardson City 1 - Austin 2
Saturday, May 26th, 2018 - OOTP Baseball 17.12 Build 75